ORI
CALIFORNIA STATE UNIVERSITY AT FULLERTON TITANS @ UNIVERSITY OF FLORIDA GATORS
10/27/2046
 
TOP OF THE 1ST
California State University at Fullerton Titans batting - Pitching for University of Florida Gators : RHP Nelson Carachure
Pitching: RHP Nelson Carachure
Batting: RHB Ken Hillman 0-0: Ball
1-0: SINGLE (Groundball, 4M, EV 102.5 MPH) (infield hit)
Batting: LHB Bill Helmer 0-0: Called Strike
0-1: Ball
1-1: SINGLE (Groundball, 4MD, EV 96.2 MPH)
Ken Hillman to second
Runner from 2nd tries for 3rd, OUT! 8-5
Bill Helmer to second
Batting: RHB Simon Sultzbach 0-0: Ball
1-0: Called Strike
1-1: Ground out 6-3 (Groundball, 6MD, EV 82.5 MPH)
Bill Helmer to third
Batting: RHB Zach Warwick 0-0: Called Strike
0-1: Called Strike
0-2: Foul Ball, location: 2F
0-2: Foul Ball, location: 2F
0-2: Strikes out swinging
Top of the 1st over - 0 runs, 2 hits, 0 errors, 1 left on base; California State University at Fullerton 0 - University of Florida 0
BOTTOM OF THE 1ST
University of Florida Gators batting - Pitching for California State University at Fullerton Titans : RHP Henry Gallegos
Pitching: RHP Henry Gallegos
Batting: SHB Pat Justice 0-0: Ball
1-0: Called Strike
1-1: Called Strike
1-2: Ball
2-2: Ball
3-2: Foul Ball, location: 2F
3-2: Ground out 3-1 (Groundball, 34, EV 77.5 MPH)
Batting: LHB Terry Bayer 0-0: Ball
1-0: Ball
2-0: Swinging Strike
2-1: Swinging Strike
2-2: Strikes out swinging
Batting: RHB Juan Lopez 0-0: Ball
1-0: Called Strike
1-1: Ball
2-1: Swinging Strike
2-2: Strikes out swinging
Bottom of the 1st over - 0 runs, 0 hits, 0 errors, 0 left on base; California State University at Fullerton 0 - University of Florida 0
TOP OF THE 2ND
California State University at Fullerton Titans batting - Pitching for University of Florida Gators : RHP Nelson Carachure
Batting: RHB Hassan Thomas 0-0: Called Strike
0-1: Ball
1-1: Swinging Strike
1-2: Ground out 5-3 (Groundball, 56S, EV 75.6 MPH)
Batting: SHB Jonathan Jacob 0-0: Fly out, F7 (Flyball, 7D, EV 96.9 MPH)
Pitching: RHP Justin Alvarado
Batting: RHB Jamie Blankenship 0-0: Called Strike
0-1: Swinging Strike
0-2: Foul Ball, location: 2F
0-2: Strikes out looking
Top of the 2nd over - 0 runs, 0 hits, 0 errors, 0 left on base; California State University at Fullerton 0 - University of Florida 0
BOTTOM OF THE 2ND
University of Florida Gators batting - Pitching for California State University at Fullerton Titans : RHP Henry Gallegos
Batting: RHB Elliott Pye 0-0: Ball
1-0: Ground out 4-3 (Groundball, 4MD, EV 103.8 MPH)
Batting: RHB Justin Alvarado 0-0: Fly out, F4 (Line Drive, 4, EV 67.5 MPH)
Batting: RHB Lião Weishampt 0-0: Ball
1-0: Called Strike
1-1: Ball
2-1: Ground out 6-3 (Groundball, 6, EV 93.1 MPH)
Bottom of the 2nd over - 0 runs, 0 hits, 0 errors, 0 left on base; California State University at Fullerton 0 - University of Florida 0
TOP OF THE 3RD
California State University at Fullerton Titans batting - Pitching for University of Florida Gators : RHP Justin Alvarado
Batting: RHB Sergio Cervantes 0-0: Ball
1-0: Ball
2-0: SINGLE (Groundball, 34D, EV 95.0 MPH)
Batting: LHB Jim Snell 0-0: Called Strike
0-1: Foul Ball, location: 2F
0-2: Ball
1-2: Strikes out swinging
Batting: RHB Ken Hillman 0-0: Called Strike
0-1: Ball
1-1: Swinging Strike
1-2: Ground out 5-3 (Groundball, 56S, EV 65.0 MPH)
Sergio Cervantes to second
Batting: LHB Bill Helmer 0-0: Ball
1-0: Called Strike
1-1: Swinging Strike
1-2: Ball
2-2: Strikes out swinging
Top of the 3rd over - 0 runs, 1 hit, 0 errors, 1 left on base; California State University at Fullerton 0 - University of Florida 0
BOTTOM OF THE 3RD
University of Florida Gators batting - Pitching for California State University at Fullerton Titans : RHP Henry Gallegos
Batting: RHB Ben Bailey 0-0: Fly out, F9 (Line Drive, 9LM, EV 89.4 MPH)
Batting: RHB Trent Spivey 0-0: Ball
1-0: Called Strike
1-1: Foul Ball, location: 2F
1-2: Ball
2-2: Ball
3-2: Ground out 4-3 (Groundball, 4, EV 105.6 MPH)
Batting: RHB Robert Mason 0-0: Swinging Strike
0-1: Called Strike
0-2: Strikes out swinging
Bottom of the 3rd over - 0 runs, 0 hits, 0 errors, 0 left on base; California State University at Fullerton 0 - University of Florida 0
TOP OF THE 4TH
California State University at Fullerton Titans batting - Pitching for University of Florida Gators : RHP Justin Alvarado
Batting: RHB Simon Sultzbach 0-0: Ball
1-0: Ball
2-0: Called Strike
2-1: Ball
3-1: Base on Balls
Batting: RHB Zach Warwick 0-0: Called Strike
0-1: Ball
1-1: Swinging Strike
1-2: Fielders Choice at 2nd, 6-4 (Groundball, 56, EV 83.8 MPH)
Batting: RHB Hassan Thomas 0-0: Called Strike
Zach Warwick steals 2nd base
0-1: Fly out, F8 (Flyball, 89M, EV 91.9 MPH)
Batting: SHB Jonathan Jacob 0-0: Ball
1-0: SINGLE (Groundball, 6MD, EV 98.8 MPH)
Zach Warwick to third
Runner from 3rd tries for Home, SAFE, throw by CF to home
Batting: RHB Jamie Blankenship 0-0: Fly out, F8 (Flyball, 8RM, EV 90.0 MPH)
Top of the 4th over - 1 run, 1 hit, 0 errors, 1 left on base; California State University at Fullerton 1 - University of Florida 0
BOTTOM OF THE 4TH
University of Florida Gators batting - Pitching for California State University at Fullerton Titans : RHP Henry Gallegos
Batting: SHB Pat Justice 0-0: Called Strike
0-1: Ball
1-1: Foul Ball, location: 2F
1-2: Ball
2-2: Foul Ball, location: 2F
2-2: Fly out, F9 (Flyball, 89M, EV 80.0 MPH)
Batting: LHB Terry Bayer 0-0: Ball
1-0: Foul Ball, location: 2F
1-1: Called Strike
1-2: Foul Ball, location: 2F
1-2: Strikes out swinging
Batting: RHB Juan Lopez 0-0: Ball
1-0: Foul Ball, location: 2F
1-1: Foul Ball, location: 2F
1-2: Ball
2-2: Strikes out swinging
Bottom of the 4th over - 0 runs, 0 hits, 0 errors, 0 left on base; California State University at Fullerton 1 - University of Florida 0
TOP OF THE 5TH
California State University at Fullerton Titans batting - Pitching for University of Florida Gators : RHP Justin Alvarado
Batting: RHB Sergio Cervantes 0-0: Ball
1-0: Called Strike
1-1: Called Strike
1-2: Strikes out swinging
Batting: LHB Jim Snell 0-0: Swinging Strike
0-1: Swinging Strike
0-2: Ball
1-2: Foul Ball, location: 2F
1-2: Foul Ball, location: 2F
1-2: Reached on error, E1 (Groundball, 15S, EV 62.5 MPH)
Batting: RHB Ken Hillman 0-0: Foul Ball, location: 2F
0-1: Swinging Strike
0-2: Ball
1-2: Strikes out swinging
Batting: LHB Bill Helmer 0-0: Foul Ball, location: 2F
0-1: Ball
1-1: Ball
2-1: Ground out 4-3 (Groundball, 4, EV 82.5 MPH)
Top of the 5th over - 0 runs, 0 hits, 1 error, 1 left on base; California State University at Fullerton 1 - University of Florida 0
BOTTOM OF THE 5TH
University of Florida Gators batting - Pitching for California State University at Fullerton Titans : RHP Henry Gallegos
Batting: RHB Elliott Pye 0-0: Ground out 6-3 (Groundball, 6, EV 83.8 MPH)
Batting: RHB Justin Alvarado 0-0: Ball
1-0: Ball
2-0: Ball
3-0: Swinging Strike
3-1: Foul Ball, location: 2F
3-2: Base on Balls
Batting: RHB Lião Weishampt 0-0: Fielders Choice at 2nd, 5-4 (Groundball, 25, EV 86.9 MPH)
Batting: RHB Ben Bailey 0-0: Ball
1-0: Fly out, F7 (Flyball, 7LM, EV 106.2 MPH)
Bottom of the 5th over - 0 runs, 0 hits, 0 errors, 1 left on base; California State University at Fullerton 1 - University of Florida 0
TOP OF THE 6TH
California State University at Fullerton Titans batting - Pitching for University of Florida Gators : RHP Justin Alvarado
Batting: RHB Simon Sultzbach 0-0: Ground out 6-3 (Groundball, 6, EV 80.0 MPH)
Batting: RHB Zach Warwick 0-0: Ball
1-0: Foul Ball, location: 2F
1-1: Ball
2-1: Ball
3-1: Swinging Strike
3-2: Strikes out swinging
Batting: RHB Hassan Thomas 0-0: Called Strike
0-1: Ball
1-1: Fly out, F7 (Line Drive, 7, EV 103.8 MPH)
Top of the 6th over - 0 runs, 0 hits, 0 errors, 0 left on base; California State University at Fullerton 1 - University of Florida 0
BOTTOM OF THE 6TH
University of Florida Gators batting - Pitching for California State University at Fullerton Titans : RHP Henry Gallegos
Batting: RHB Trent Spivey 0-0: Ball
1-0: Foul Ball, location: 2F
1-1: Swinging Strike
1-2: Foul Ball, location: 2F
1-2: Strikes out swinging
Batting: RHB Robert Mason 0-0: Ground out 4-3 (Groundball, 4, EV 90.0 MPH)
Batting: SHB Pat Justice 0-0: SINGLE (Line Drive, 78M, EV 106.9 MPH)
Batting: LHB Terry Bayer 0-0: Ground out 4-3 (Groundball, 4, EV 86.2 MPH)
Bottom of the 6th over - 0 runs, 1 hit, 0 errors, 1 left on base; California State University at Fullerton 1 - University of Florida 0
TOP OF THE 7TH
California State University at Fullerton Titans batting - Pitching for University of Florida Gators : RHP Justin Alvarado
Pitching: RHP Kevin Van Westen
Batting: SHB Jonathan Jacob 0-0: Called Strike
0-1: SINGLE (Groundball, 15S, EV 69.4 MPH) (infield hit)
Batting: RHB Jamie Blankenship 0-0: Sac Bunt to 13S - play at first, batter OUT! 1-3
Jonathan Jacob to second
Batting: RHB Sergio Cervantes 0-0: Called Strike
0-1: Ball
1-1: Swinging Strike
1-2: Strikes out swinging
Pitching: LHP Alex Zepeda
Batting: LHB Jim Snell 0-0: Ball
1-0: Ball
2-0: Called Strike
2-1: Swinging Strike
2-2: Strikes out swinging
Top of the 7th over - 0 runs, 1 hit, 0 errors, 1 left on base; California State University at Fullerton 1 - University of Florida 0
BOTTOM OF THE 7TH
University of Florida Gators batting - Pitching for California State University at Fullerton Titans : RHP Henry Gallegos
Batting: RHB Juan Lopez 0-0: Ball
1-0: Called Strike
1-1: Swinging Strike
1-2: Foul Ball, location: 2F
1-2: Ball
2-2: Hit by Pitch
Pinch Hitting: LHB Dave Newsome 0-0: Ball
1-0: Foul Ball, location: 2F
1-1: Ball
Juan Lopez is caught stealing 2nd base 2-6
2-1: Ball
3-1: Reached on error, E3 (Groundball, 34, EV 88.1 MPH)
Pinch Hitting: RHB Cyril Theophanous 0-0: Foul Ball, location: 2F
0-1: Called Strike
0-2: Ball
1-2: Fielders Choice at 2nd, 3-6 (Groundball, 3, EV 86.2 MPH)
Pitching: RHP Alex Mendoza
Pinch Hitting: RHB Luis Cabera 0-0: Ball
1-0: Fielders Choice at 2nd, 6-4 (Groundball, 6, EV 97.5 MPH)
Bottom of the 7th over - 0 runs, 0 hits, 1 error, 1 left on base; California State University at Fullerton 1 - University of Florida 0
TOP OF THE 8TH
California State University at Fullerton Titans batting - Pitching for University of Florida Gators : LHP Alex Zepeda
Pitching: RHP David Villanueva
Now at 2B: Luis Cabera
Now in LF: Pat Justice
Now in RF: Cyril Theophanous
Batting: RHB Ken Hillman 0-0: Ball
1-0: Foul Ball, location: 2F
1-1: Swinging Strike
1-2: Foul Ball, location: 2F
1-2: Ball
2-2: Foul Ball, location: 2F
2-2: Strikes out swinging
Batting: LHB Bill Helmer 0-0: Ball
1-0: SINGLE (Groundball, 56, EV 108.8 MPH)
Batting: LHB John Blumberg 0-0: Reached on error, E4 (Groundball, 4M, EV 108.8 MPH)
Bill Helmer to second
Batting: RHB Zach Warwick 0-0: Called Strike
0-1: Foul Ball, location: 2F
0-2: Strikes out swinging
Batting: RHB Hassan Thomas 0-0: Ball
1-0: Called Strike
1-1: Ball
2-1: Fielders Choice at 2nd, 6-4 (Groundball, 6, EV 96.2 MPH)
Top of the 8th over - 0 runs, 1 hit, 1 error, 2 left on base; California State University at Fullerton 1 - University of Florida 0
BOTTOM OF THE 8TH
University of Florida Gators batting - Pitching for California State University at Fullerton Titans : RHP Alex Mendoza
Pinch Hitting: SHB Michael Medina 0-0: Ball
1-0: Ball
2-0: Ball
3-0: Called Strike
3-1: Base on Balls
Pinch Hitting: RHB Danny Cisneros 0-0: Ball
1-0: Ball
2-0: Called Strike
2-1: Called Strike
2-2: Ball
3-2: Foul Ball, location: 2F
3-2: Strikes out swinging
Pinch Hitting: LHB Juan Moreno 0-0: Ball
1-0: Called Strike
1-1: Ball
2-1: Bunt missed!
2-2: Strikes out looking
Batting: SHB Pat Justice 0-0: Ball
1-0: Ground out 4-3 (Groundball, 4, EV 75.6 MPH)
Bottom of the 8th over - 0 runs, 0 hits, 0 errors, 1 left on base; California State University at Fullerton 1 - University of Florida 0
TOP OF THE 9TH
California State University at Fullerton Titans batting - Pitching for University of Florida Gators : RHP David Villanueva
Now at C: Danny Cisneros
Now at 1B: Juan Moreno
Now at 3B: C.J. Clifford
Batting: SHB Jonathan Jacob 0-0: Foul Ball, location: 2F
0-1: Ball
1-1: Ball
2-1: Ball
3-1: Called Strike
3-2: Strikes out looking
Batting: RHB Jamie Blankenship 0-0: Called Strike
0-1: Fly out, F6 (Popup, 6, EV 70.6 MPH)
Pinch Hitting: LHB B.J. Ferguson 0-0: Ball
1-0: DOUBLE (Line Drive, 78M, EV 96.2 MPH)
Pinch Hitting: RHB Justin Thomas 0-0: Ball
1-0: Foul Ball, location: 2F
1-1: Fly out, F9 (Flyball, 9D, EV 96.2 MPH)
Top of the 9th over - 0 runs, 1 hit, 0 errors, 1 left on base; California State University at Fullerton 1 - University of Florida 0
BOTTOM OF THE 9TH
University of Florida Gators batting - Pitching for California State University at Fullerton Titans : RHP Alex Mendoza
Pitching: RHP Alex Estrada
Now at 1B: Jonathan Jacob
Now at 2B: Felipe Lara
Now at 3B: Nick Pothier
Now in RF: Steve Lane
Pinch Hitting: RHB Manny Harrison 0-0: Called Strike
0-1: Ball
1-1: Swinging Strike
1-2: Ball
2-2: Foul Ball, location: 2F
2-2: Ball
3-2: Fly out, F9 (Flyball, 9D, EV 91.9 MPH)
Batting: RHB Juan Lopez 0-0: Called Strike
0-1: Ground out 6-3 (Groundball, 56, EV 88.8 MPH)
Batting: RHB David Villanueva 0-0: Ball
1-0: Foul Ball, location: 2F
1-1: Called Strike
1-2: Strikes out swinging
Bottom of the 9th over - 0 runs, 0 hits, 0 errors, 0 left on base; California State University at Fullerton 1 - University of Florida 0
Tuesday, September 13th , 2022 - OOTP Baseball 23.7 Build 88